 Dungeon Crawl Stone Soup version 0.30.0-30-g96aa6591b8 (webtiles) character file.

Game seed: 1934794727497667537

40 Tirrikindir the Ducker (level 3, -2/26 HPs)
             Began as an Octopode Fighter on June 30, 2023.
             Slain by a gnoll
             ... wielding a +0 club
              (9 damage)
             ... on level 2 of the Dungeon.
             The game lasted 00:03:06 (1282 turns).

Tirrikindir the Ducker (Octopode Fighter)           Turns: 1282, Time: 00:03:06

Health: -2/26      AC:  1    Str: 15    XL:     3   Next: 50%
Magic:  3/3        EV: 13    Int: 12    God:
Gold:   95         SH:  4    Dex: 11    Spells: 2/2 levels left

rFire   . . .        e - staff of poison
rCold   . . .        b - +0 buckler
rNeg    . . .        (helmet restricted)
rPois   +            (no amulet)
rElec   .            (no ring)
rCorr   .            (no ring)
SInv    .            (no ring)
Will    .....        (no ring)
Stlth   +++          (no ring)
HPRegen 0.24/turn    (no ring)
MPRegen 0.08/turn    (no ring)
                     (no ring)

%: no passive effects
@: mighty
A: almost no armour, amphibious, 8 rings, camouflage 1, gelatinous body 1,
(nimble swimmer 1), tentacles
a: no special abilities


You were on level 2 of the Dungeon.
You visited 1 branch of the dungeon, and saw 2 of its levels.

You collected 95 gold pieces.

Inventory:

Hand Weapons
 d - a +4 short sword of venom
Armour
 b - a +0 buckler (worn)
Magical Staves
 e - a staff of poison (weapon)
Jewellery
 j - a ring of fire
Scrolls
 g - 2 scrolls of fear {unknown}
 i - a scroll of identify {unknown}
Potions
 a - 2 potions of brilliance {unknown}
 f - a potion of mutation {unknown}
 h - a potion of cancellation {unknown}


   Skills:
 + Level 3.2 Fighting
 - Level 2.1 Long Blades
 + Level 3.2 Dodging
 + Level 1.5 Stealth
 + Level 3.2 Shields
 * Level 1.9 Poison Magic


You had 2 spell levels left.
You didn't know any spells.
Your spell library contained the following spells:

 Spells                   Type           Power      Damage    Failure   Level
 Ozocubu's Armour         Ice            0%         N/A       78%         3
 Ozocubu's Refrigeration  Ice            0%         4d7       100%        7


Dungeon Overview and Level Annotations

Branches:
Dungeon (2/15)

Altars:


Innate Abilities, Weirdness & Mutations

You cannot wear most types of armour.
You are amphibious.
You can wear up to eight rings at the same time.
Your skin changes colour to match your surroundings (Stealth+).
Your rubbery body absorbs attacks. (AC +1, EV +1)
((You are camouflaged when in or above water. (Stealth+)))
You have tentacles for arms and can constrict up to eight enemies at once.


Message History

Found a glowing agate ring and a whip.
i - a scroll labelled LIADWO PERHUS
Things that are here:
a +0 club; a +0 sling
j - a ring of fire You see here a +0 whip.
A kobold comes into view. It is wielding a +0 dagger.
Found 2 poisoned darts.
The helpless kobold fails to defend itself.
You hit the kobold but do no damage. Your grab misses the kobold.
You block the kobold's attack.
You barely miss the kobold. You grab the kobold. You squeeze the kobold.
You kill the kobold!
Things that are here:
a +0 dagger; a kobold corpse
There is a stone staircase leading up here.
Found a leather armour.
You see here a +0 leather armour.
A gnoll comes into view. It is wielding a +0 halberd.
The gnoll shouts!
You hear a shout! x3
A gnoll comes into view. It is wielding a +0 spear.
You feel very mighty all of a sudden.
A gnoll comes into view. It is wielding a +0 club.
The gnoll closely misses you.
You barely miss the gnoll. You grab the gnoll. You squeeze the gnoll!
The gnoll is severely wounded.
You constrict the gnoll, but do no damage.
The gnoll hits you with a +0 halberd!
Ouch! That really hurt!
The gnoll hits you but does no damage.
You hit the gnoll!
You kill the gnoll!
The gnoll completely misses you. The gnoll barely misses you.
The gnoll misses you.
The gnoll hits you from afar with a +0 spear!
* * * LOW HITPOINT WARNING * * *
You hit the gnoll! You grab the gnoll.
The gnoll is heavily wounded.
You constrict the gnoll. The gnoll hits you with a +0 club!
You die...

#...# #.####.........# #.###.#.
#...####.##...........####.# #...
#........##...##.#.......#.# #...
#.)########...##.#.......#.# #...
#.............##.#.......#.####..
...########...##.#...............
#### #...##.#...............
######.#...............
#@#...............
#.gg......#.......
###.......########
#............... ...###### #.....
....# #..... .....# #.....
......# #..... #......# #.....


You could see 2 gnolls.

Vanquished Creatures
  An adder (D:2)
  A gnoll (D:2)
  A worm (D:2)
  An endoplasm (D:2)
  A giant cockroach (D:1)
  3 goblins
  3 kobolds
  2 quokkas
  2 bats (D:1)
  2 rats (D:1)
17 creatures vanquished.

Notes
Turn   | Place    | Note
-------+----------+-------------------------------------------
     0 | D:1      | Tirrikindir the Octopode Fighter began the quest for the
                  | Orb.
     0 | D:1      | Reached XP level 1. HP: 16/16 MP: 1/1
   202 | D:1      | Reached XP level 2. HP: 21/21 MP: 2/2
   654 | D:1      | Reached skill level 1 in Poison Magic
   823 | D:2      | Reached skill level 1 in Stealth
  1038 | D:2      | Reached XP level 3. HP: 22/26 MP: 3/3
  1282 | D:2      | Slain by a gnoll

Illustrated notes

Levels and vault maps discovered:
D:1:      tarquinn_simple_flora_water_f, layout_loops_cross, serial_forest,
          infiniplex_forest_fountain, infiniplex_forest_diagonal,
          infiniplex_forest_straight_2, infiniplex_forest_lined_3,
          infiniplex_forest_end_double, infiniplex_forest_lined_corner,
          chequers_mini_garden, minivault_19
D:2:      layout_basic, serial_shops, nicolae_shop_hallway_plus

Skill      XL: |  1  2 |
---------------+-------+-----
Poison Magic   | 1 |  1.9
Stealth        | 1 |  1.5
Fighting       | |  3.2
Long Blades    | |  2.1
Dodging        | |  3.2
Shields        | |  3.2

Action                     || total
---------------------------++-------
  Melee: Staff             ||    43
         Constrict         ||    17
         Long sword        ||     3
         Tentacles         ||    10
         Punch             ||     1
    Use: Scroll            ||     2
         Potion            ||     1
   Stab: Sleeping          ||     4
 Armour: Skin              ||     7
  Dodge: Dodged            ||    19
  Block: Buckler           ||     8
